 Dungeon Crawl Stone Soup version 0.28.0-53-g5a82cb258f (webtiles) character file.

Game seed: 17726743434802224763

1195 cbfl8 the Chopper (level 8, -3/61 HPs)
             Began as a Demonspawn Berserker on Sept 9, 2022.
             Was a Believer of Trog.
             Killed from afar by a steam dragon (22 damage)
             ... with a ball of steam
             ... on level 5 of the Dungeon.
             The game lasted 00:05:54 (6127 turns).

cbfl8 the Chopper (Demonspawn Berserker)            Turns: 6127, Time: 00:05:57

Health: -3/61      AC: 10    Str: 17    XL:     8   Next: 20%
Magic:  8/8        EV: 13    Int: 10    God:    Trog [**....]
Gold:   240        SH:  0    Dex: 14    Spells: 7/7 levels left

rFire   . . .      SeeInvis .   r - +0 war axe
rCold   + . .      Faith    .   (no shield)
rNeg    . . .      Spirit   .   q - +3 scale mail {rC+}
rPois   .          Reflect  .   (no helmet)
rElec   .          Harm     .   (no cloak)
rCorr   .          Rampage  .   (no gloves)
Will    .....                   (no boots)
Stlth   ..........              (no amulet)
HPRegen 0.20/turn               (no ring)
MPRegen 0.11/turn               (no ring)

@: no status effects
A: repulsion field 2, powered by death 2, condensation shield, demonic touch 1
a: Renounce Religion, Berserk, Trog's Hand


You were on level 5 of the Dungeon.
You worshipped Trog.
Trog was pleased with you.
You visited 1 branch of the dungeon, and saw 6 of its levels.

You collected 240 gold pieces.

Inventory:

Hand Weapons
 r - a +0 war axe (weapon)
Missiles
 l - a throwing net
Armour
 q - a +3 scale mail of cold resistance (worn)
Wands
 n - a wand of acid (1) (quivered)
Scrolls
 a - a scroll of teleportation {unknown}
 d - 5 scrolls of enchant armour {unknown}
 g - 6 scrolls of identify {unknown}
 i - 2 scrolls of immolation {unknown}
 j - a scroll of silence {unknown}
 k - a scroll of brand weapon {unknown}
 m - a scroll of torment {unknown}
 o - a scroll of blinking {unknown}
Potions
 b - 2 potions of might {unknown}
 c - 5 potions of curing {unknown}
 e - a potion of cancellation {unknown}
 f - a potion of berserk rage {unknown}
 h - a potion of haste {unknown}
 p - 2 potions of heal wounds


   Skills:
 + Level 4.9 Fighting
 + Level 6.3 Axes
 + Level 4.7 Armour
 + Level 3.3 Dodging
 + Level 1.1 Stealth
 + Level 1.5 Shields
 + Level 0.4 Evocations


You had 7 spell levels left.
You didn't know any spells.
Your spell library was empty.

Dungeon Overview and Level Annotations

Branches:
Dungeon (6/15)
 Temple: D:4-7

Altars:
Gozag
The Shining One

Shops:
D:2 [


Innate Abilities, Weirdness & Mutations

You are surrounded by a moderate repulsion field. (EV +3)
You regenerate health from kills.
A meltable shield of frost defends you. (SH +0)
Your touch may inflict minor irresistible damage on your foes.


Message History

The steam dragon breathes steam at you. The ball of steam hits you!
Your condensation shield dissipates!
You hear a shout!
You hear a croak.
You hear an angry hiss.
The centaur shoots an arrow.
The arrow barely misses you.
An ogre comes into view. It is wielding a +0 giant club.
Really walk into that cloud of steam?
Okay, then.
Really walk into that cloud of steam?
You are engulfed in a cloud of scalding steam.
The centaur shoots an arrow.
The arrow hits you but does no damage.
There is a stone staircase leading up here.
You are engulfed in a cloud of scalding steam.
The centaur shoots an arrow.
The arrow hits you but does no damage. The steam dragon closely misses you.
The steam dragon barely misses you.
You climb upwards.
There is a stone staircase leading down here.
The steam dragon completely misses you. The steam dragon barely misses you.
You completely miss the steam dragon.
The steam dragon bites you but does no damage.
The steam dragon claws you.
You hit the steam dragon.
The steam dragon is lightly wounded.
The steam dragon bites you but does no damage.
The steam dragon closely misses you.
You slash the steam dragon!
The steam dragon is heavily wounded.
The steam dragon breathes steam at you. The ball of steam hits you!
You barely miss the steam dragon. Your touch misses the steam dragon.
The steam dragon is heavily wounded.
You are engulfed in a cloud of scalding steam.
The steam dragon barely misses you. x2
You hit the steam dragon.
The steam dragon is severely wounded.
You are engulfed in a cloud of scalding steam.
The steam dragon completely misses you. The steam dragon barely misses you.
The steam dragon breathes steam at you. The ball of steam hits you!!
You die...

##########.############.##
#.# #.# #.# #.# #.# #.#
#########.############.#
#####...................##.#
#.........###..########.##.#
#.#######.###..#.........#.##
#...........@>...............
#.#######.##D#.#.######.##.##
#.#######.##.#.#.######.##.#
#..........................#
#..######.##.#.#.######.##.##
#..######.##.#.#.# #.##...
#..............#.######.#####
#########...............# ###
#.......#.###.######.# #..


You could see a steam dragon (catching breath).

Vanquished Creatures
  Edmund (D:4)
  A water moccasin (D:5)
  Duvessa (D:5)
  A black bear (D:5)
  A necrophage (D:4)
  An ogre (D:4)
  A bullfrog (D:4)
  A scorpion (D:4)
  Dowan (D:5)
  A bullfrog zombie (D:5)
  A centaur zombie (D:5)
  2 jellies (D:5)
  A hound (D:5)
  A centaur skeleton (D:4)
  Terence (D:2)
  2 iguanas (D:5)
  4 adders
  4 gnolls (D:3)
  2 white imps (D:5)
  An ufetubus (D:5)
  An adder skeleton (D:4)
  12 dart slugs
  7 endoplasms
  5 giant cockroaches
  2 hobgoblins (D:1)
  3 jackals (D:4)
  6 kobolds
  4 quokkas
  7 ball pythons
  6 bats
  3 frilled lizards
  3 goblins
  5 rats
93 creatures vanquished.

Vanquished Creatures (others)
  A fungus (D:1)
  A plant (D:1)
2 creatures vanquished.

Grand Total: 95 creatures vanquished

Notes
Turn   | Place    | Note
-------+----------+-------------------------------------------
     0 | D:1      | cbfl8 the Demonspawn Berserker began the quest for the Orb.
     0 | D:1      | Reached XP level 1. HP: 18/18 MP: 1/1
   371 | D:1      | Gained mutation: You are surrounded by a mild repulsion
                  | field. (EV +2) [demonic ancestry]
   371 | D:1      | Reached XP level 2. HP: 22/24 MP: 2/2
   426 | D:1      | Reached skill level 3 in Axes
   940 | D:1      | Found a faded altar of an unknown god.
  1253 | D:2      | Gained mutation: Your touch may inflict minor irresistible
                  | damage on your foes. [demonic ancestry]
  1253 | D:2      | Reached XP level 3. HP: 28/29 MP: 3/3
  1443 | D:2      | Reached ** piety under Trog
  1465 | D:2      | Noticed Terence
  1487 | D:2      | Killed Terence
  1838 | D:2      | Found an opulent altar of Gozag.
  1913 | D:2      | Gained mutation: A meltable shield of frost defends you.
                  | (SH +0) [demonic ancestry]
  1913 | D:2      | Reached XP level 4. HP: 25/37 MP: 4/4
  1922 | D:2      | Found Tughiry's Armour Boutique.
  3433 | D:3      | Gained mutation: You regenerate a little health from kills.
                  | [demonic ancestry]
  3433 | D:3      | Reached XP level 5. HP: 28/42 MP: 5/5
  3886 | D:3      | Reached skill level 4 in Axes
  4223 | D:4      | Gained mutation: You regenerate health from kills. [demonic
                  | ancestry]
  4223 | D:4      | Reached XP level 6. HP: 46/48 MP: 6/6
  4439 | D:4      | Noticed Edmund
  4447 | D:4      | Killed Edmund
  4448 | D:4      | Reached skill level 5 in Axes
  4716 | D:4      | Reached skill level 1 in Stealth
  4716 | D:4      | Reached skill level 1 in Shields
  4716 | D:4      | Gained mutation: You are surrounded by a moderate repulsion
                  | field. (EV +3) [demonic ancestry]
  4716 | D:4      | Reached XP level 7. HP: 45/55 MP: 7/7
  5022 | D:5      | Entered Level 5 of the Dungeon
  5316 | D:5      | Noticed Duvessa
  5333 | D:5      | Noticed Dowan
  5342 | D:5      | Killed Duvessa
  5343 | D:5      | Reached skill level 6 in Axes
  5366 | D:5      | Killed Dowan
  5367 | D:5      | Reached XP level 8. HP: 18/61 MP: 8/8
  6127 | D:5      | Killed from afar by a steam dragon

Illustrated notes

Levels and vault maps discovered:
D:1:      sevenhm_arrival_forest_fort_small_4, layout_basic,
          dreamdust_ecumenical_altar_grove, dk_noncrumbling_2
D:2:      layout_loops_ring, serial_shops, shop_fountains, basic_altar,
          uniq_terence
D:3:      kennysheep_slugbush, layout_loops_corners,
          mainiacjoe_overflow_concentric_impassable,
          chequers_serial_rivers_micro_e
D:4:      layout_cave_pools, nicolae_figureground_sparkle, uniq_edmund
D:5:      layout_basic, uniq_duvessa
D:6:      layout_rooms

Skill      XL: |  1  2  3  4  5  6  7 |
---------------+----------------------+-----
Axes           | 3 4 5 6 |  6.3
Armour         | 2 3 4 |  4.7
Dodging        | 2 3 |  3.3
Fighting       | 4 |  4.9
Stealth        | 1 |  1.1
Shields        | 1 |  1.5
Evocations     | |  0.4

Action                   |  1- 3 |  4- 6 |  7- 9 || total
-------------------------+-------+-------+-------++-------
Melee: Hand axe          |   113 |   131 |    66 ||   310
       Punch             |     1 |     1 |     2 ||     4
       Touch             |    10 |    26 |    19 ||    55
       War axe           |       |       |    31 ||    31
Invok: Berserk           |     1 |     2 |     1 ||     4
Evoke: Wand              |       |       |     4 ||     4
Armor: Animal skin       |     8 |       |       ||     8
       Leather armour    |     5 |       |       ||     5
       Ring mail         |    12 |     2 |       ||    14
       Scale mail        |       |    49 |    41 ||    90
Dodge: Dodged            |    65 |    89 |    76 ||   230
Block: Other             |       |    20 |    15 ||    35
